 Dungeon Crawl Stone Soup version 0.31-a0-157-g0643eb4156 (webtiles) character file.

Game seed: 11976264459389379845

42 qw the Shooter (level 3, -7/22 HPs)
             Began as a Gargoyle Hunter on June 12, 2023.
             Killed by divine providence
             ... invoked by an orc priest
              (16 damage)
             ... on level 2 of the Dungeon.
             The game lasted 00:00:34 (1073 turns).

qw the Shooter (Gargoyle Hunter)                    Turns: 1073, Time: 00:00:35

Health: -7/22      AC:  9    Str: 14    XL:     3   Next: 54%
Magic:  3/3        EV: 10    Int:  9    God:
Gold:   77         SH:  0    Dex: 15    Spells: 2/2 levels left

rFire   . . .        Y - +0 shortbow
rCold   . . .        (shield currently unavailable)
rNeg    + . .        f - +0 ring mail
rPois   inf          (no helmet)
rElec   +            d - +0 cloak
rCorr   .            (no gloves)
SInv    .            (no boots)
Will    .....        (no amulet)
Stlth   +            (no ring)
HPRegen 0.23/turn    (no ring)
MPRegen 0.08/turn

%: no passive effects
@: no status effects
A: sickness immunity, AC +3, negative energy resistance 1, electricity
resistance, torment resistance 1, petrification resistance
a: no special abilities


You were on level 2 of the Dungeon.
You visited 1 branch of the dungeon, and saw 2 of its levels.

You collected 77 gold pieces.


Innate Abilities, Weirdness & Mutations

You are immune to sickness and miasma.
Your stone body is resilient. (AC +3)
You are immune to poison.
You resist negative energy. (rN+)
You are resistant to electric shocks. (rElec)
You are resistant to unholy torment.
You are immune to petrification.


   Skills:
 + Level 2.4 Fighting
 - Level 5.0 Ranged Weapons
 - Level 1.0 Armour
 - Level 1.5 Dodging
 - Level 1.1 Stealth


You had 2 spell levels left.
You didn't know any spells.
Your spell library was empty.

Inventory:

Hand Weapons
 Y - a +0 shortbow (weapon)
Armour
 d - a +0 cloak (worn)
 f - a +0 ring mail (worn)
Jewellery
 h - a ring of resist corrosion
Scrolls
 e - a scroll of identify
Potions
 a - a potion of degeneration {unknown}
 b - 3 potions of ambrosia {unknown}
 c - a potion of berserk rage {unknown}
 g - a potion of attraction {unknown}
 i - a potion of invisibility {unknown}

Dungeon Overview and Level Annotations

Branches:
Dungeon (2/15)

Altars:


Message History

Ouch! That really hurt!
The orc priest miscasts a cantrip.
You hear some strange, mumbled words.
A magic dart appears from out of thin air!
The magic dart hits you but does no damage.
Something hits you but does no damage.
You hear some strange, mumbled words.
A puff of flame appears from out of thin air!
The puff of flame hits you but does no damage.
A magic dart appears from out of thin air!
The magic dart hits something!
Reactivating autopickup.
You feel less confused.
You shoot an arrow. The arrow hits the orc.
The orc is lightly wounded.
Something hits you but does no damage.
Deactivating autopickup; reactivate with Ctrl-A.
You shoot an arrow. Something hits you.
The orc priest calls upon Beogh to heal the orc.
The orc's wounds heal themselves!
You shoot an arrow. Something hits you but does no damage.
The orc priest looks encouraged for a moment.
You shoot an arrow. Something hits you but does no damage.
1065 ||| FLEEEEING.
1066 ||| FLEEEEING.
Something hits you but does no damage.
1067 ||| FLEEEEING.
Something hits you but does no damage.
1068 ||| FLEEEEING.
The orc priest looks encouraged for a moment.
1069 ||| FLEEEEING.
1070 ||| FLEEEEING.
1071 ||| FLEEEEING.
1072 ||| FLEEEEING.
1073 ||| FLEEEEING.
The orc priest calls down the wrath of Beogh upon you.
Beogh smites you!
Ouch! That really hurt!
You die...

#....#.....>...##.
#o...#..........#.
#####....#......###.#.
#........#........#.#.
#.###o...######.#.#.#.
#....+......#.#.##
#o...##..####.....
#.#...#.....###.##
#####@#...........#.#
#.....##..........#.#
#.................#.#
#(###...<########.....#.#
#........+. #.....#.##
#####....##. ##.#.#.#.#.
#....#....#.####....#.#.#.
#.##.#....#....#....#.#...
#.##.####.#...............


You could see an orc priest and 2 orcs.

Vanquished Creatures
  An orc (D:2)
  7 endoplasms
  2 giant cockroaches
  5 goblins
  6 hobgoblins (D:1)
  A quokka (D:2)
  5 bats
  3 frilled lizards
  3 kobolds (D:1)
  2 rats (D:1)
35 creatures vanquished.

Vanquished Creatures (others)
  An orc wizard (D:2)
1 creature vanquished.

Grand Total: 36 creatures vanquished

Notes
Turn   | Place    | Note
-------+----------+-------------------------------------------
     0 | D:1      | qw the Gargoyle Hunter began the quest for the Orb.
     0 | D:1      | Reached XP level 1. HP: 12/12 MP: 1/1
     0 | D:1      | 0 ||| qw: Version: 0.2-a-29-gc1b59c4
     0 | D:1      | 0 ||| qw: Game counter: 4128
     0 | D:1      | 0 ||| qw: Always use a shield: true
     0 | D:1      | 0 ||| qw: God list: Okawaru
     0 | D:1      | 0 ||| qw: Allow faded altars: false
     0 | D:1      | 0 ||| qw: Do Orc after D:15 true
     0 | D:1      | 0 ||| qw: Do second Lair branch before Depths: true
     0 | D:1      | 0 ||| qw: Lair rune preference: random
     0 | D:1      | 0 ||| qw: Plans: Normal, Zot:1-4, Slime:5, God:TSO, Crypt,
                  | Tomb, Abyss, Pan, Hells, Win
     0 | D:1      | 0 ||| PLANNING D:1-11
    32 | D:1      | 32 ||| FLEEEEING.
    36 | D:1      | 36 ||| FLEEEEING.
    37 | D:1      | 37 ||| FLEEEEING.
    38 | D:1      | 38 ||| FLEEEEING.
    39 | D:1      | 39 ||| FLEEEEING.
    80 | D:1      | Reached XP level 2. HP: 17/17 MP: 2/2
   333 | D:1      | Reached XP level 3. HP: 21/21 MP: 3/3
   364 | D:1      | Reached skill level 5 in Ranged Weapons
   596 | D:1      | 596 ||| UPGRADING to +0 cloak.
   601 | D:1      | 601 ||| UPGRADING to +0 ring mail.
   611 | D:1      | 611 ||| DROPPING +0 leather armour.
   612 | D:1      | 612 ||| READING scroll labelled HIUXICR EMUI.
   617 | D:1      | 617 ||| READING scroll labelled SIANEH YFUNU.
   618 | D:1      | 618 ||| DROPPING scroll of butterflies.
   874 | D:2      | Reached skill level 1 in Armour
  1044 | D:2      | 1044 ||| Stepping ~*~*~tactically~*~*~ (outnumbered).
  1046 | D:2      | 1046 ||| Stepping ~*~*~tactically~*~*~ (outnumbered).
  1048 | D:2      | 1048 ||| Stepping ~*~*~tactically~*~*~ (outnumbered).
  1065 | D:2      | 1065 ||| FLEEEEING.
  1066 | D:2      | 1066 ||| FLEEEEING.
  1067 | D:2      | 1067 ||| FLEEEEING.
  1068 | D:2      | 1068 ||| FLEEEEING.
  1069 | D:2      | 1069 ||| FLEEEEING.
  1070 | D:2      | 1070 ||| FLEEEEING.
  1071 | D:2      | 1071 ||| FLEEEEING.
  1072 | D:2      | 1072 ||| FLEEEEING.
  1073 | D:2      | 1073 ||| FLEEEEING.
  1073 | D:2      | Killed from afar by an orc priest

Levels and vault maps discovered:
D:1:      enne_arrival_octagon_isle, layout_rooms, grunt_decor_clamped,
          minmay_misc_feat_five
D:2:      layout_basic

Skill      XL: |  1  2  3 |
---------------+----------+-----
Ranged Weapons | 5 |  5.0
Armour         | 1 |  1.0
Fighting       | |  2.4
Dodging        | |  1.5
Stealth        | |  1.1

Action                     || total
---------------------------++-------
   Fire: Shortbow          ||   129
    Use: Scroll            ||     2
 Armour: Leather armour    ||    15
         Ring mail         ||    10
  Dodge: Dodged            ||    18

Table legend:
 A = Non-vault XP
 B = Vault XP
 C = Vault XP percentage of total XP
 D = Non-vault monster count
 E = Vault monster count
 F = Vault count percentage of total count
                 A         B        C        D         E       F
            +---------+---------+-------+---------+---------+-------
      Total |      60 |       0 |   0.0 |      35 |       0 |   0.0
            +---------+---------+-------+---------+---------+-------
        D:1 |      45 |       0 |   0.0 |      27 |       0 |   0.0
        D:2 |      15 |       0 |   0.0 |       8 |       0 |   0.0
            +---------+---------+-------+---------+---------+-------
